 Dungeon Crawl Stone Soup version 0.31-a0-188-g5e087ee2ca (webtiles) character file.

Game seed: 4903407722082081944

226 qw the Skirmisher (level 5, -12/30 HPs)
             Began as a Deep Elf Hunter on June 23, 2023.
             Killed from afar by Ijyb (17 damage)
             ... with a bolt of light
             ... on level 3 of the Dungeon.
             The game lasted 00:00:50 (2322 turns).

qw the Skirmisher (Deep Elf Hunter)                 Turns: 2322, Time: 00:00:51

Health: -12/30     AC:  5    Str: 16    XL:     5   Next: 69%
Magic:  7/7        EV: 11    Int: 14    God:
Gold:   55         SH:  0    Dex: 18    Spells: 4/4 levels left

rFire   . . .        Y - +0 shortbow
rCold   . . .        (shield currently unavailable)
rNeg    . . .        g - +0 ring mail
rPois   .            (no helmet)
rElec   .            (no cloak)
rCorr   .            (no gloves)
SInv    .            (no boots)
Will    .....        (no amulet)
Stlth   +            b - +6 ring of strength
HPRegen 0.25/turn    (no ring)
MPRegen 0.10/turn

%: no passive effects
@: no status effects
A: no striking features
a: no special abilities


You were on level 3 of the Dungeon.
You visited 1 branch of the dungeon, and saw 3 of its levels.

You collected 55 gold pieces.


   Skills:
 - Level 2.0 Fighting
 - Level 9.0 Ranged Weapons
 + Level 2.5 Dodging
 - Level 1.2 Stealth


You had 4 spell levels left.
You didn't know any spells.
Your spell library was empty.

Inventory:

Hand Weapons
 Y - a +0 shortbow (weapon)
Armour
 g - a +0 ring mail (worn)
 o - a +2 helmet
Jewellery
 b - a +6 ring of strength (left hand)
Scrolls
 a - 2 scrolls of identify
 l - a scroll of immolation {unknown}
 m - a scroll of amnesia {unknown}
 n - a scroll of poison {unknown}
Potions
 c - 3 potions of heal wounds
 d - a potion of degeneration {unknown}
 e - a potion of might {unknown}
 f - a potion of mutation {unknown}
 h - a potion of haste {unknown}
 i - a potion of magic {unknown}
 j - 2 potions of enlightenment
 k - a potion of curing {unknown}

Dungeon Overview and Level Annotations

Branches:
Dungeon (3/15)

Altars:
Uskayaw

Annotations:
D:2 1 runed translucent door, Crazy Yiuf
D:3 Ijyb, Terence


Message History

Ijyb shouts!
You hear a shout!
Enter note:
Enter note:
Enter note: You shoot an arrow.
The arrow hits Ijyb but does no damage.
You shoot an arrow. The arrow hits Ijyb.
Ijyb is lightly wounded.
Ijyb screams, "Level is mine!
All mine!"
You shoot an arrow. The arrow closely misses Ijyb.
You shoot an arrow. The arrow hits Ijyb but does no damage.
Ijyb is lightly wounded.
You shoot an arrow. The arrow hits Ijyb.
Ijyb is lightly wounded.
Ijyb hits you but does no damage.
You shoot an arrow. The arrow closely misses Ijyb.
An orc comes into view. It is wielding a +0 mace.
Ijyb completely misses you.
You shoot an arrow. The arrow barely misses Ijyb.
Ijyb hits you but does no damage.
You shoot an arrow. The arrow hits Ijyb.
Ijyb is moderately wounded.
Ijyb zaps a wand.
The bolt of light misses you. Ijyb misses you.
You hear a shout!
You shoot an arrow. The arrow hits Ijyb.
Ijyb is heavily wounded.
Ijyb barely misses you.
You shoot an arrow. The arrow hits Ijyb.
Ijyb is heavily wounded.
A goblin comes into view. It is wielding a +0 club.
Ijyb zaps a wand.
The bolt of light hits you!
You are confused.
Ijyb hits you with a +2 club.
Ijyb zaps a wand.
The bolt of light hits you!
You feel less confused.
Ijyb zaps a wand.
The bolt of light misses you. The orc closely misses you.
You shoot an arrow. The arrow hits Ijyb but does no damage.
Ijyb is heavily wounded.
The orc hits you with a +0 mace.
Ijyb zaps a wand.
The bolt of light hits you!
Ouch! That really hurt!
You die...

.##.###.# ........#
###.####### . #.).....#
.. #######.### ...
#.......# ###.... #
##.###.#.# .>.....
####......#.#####g?...##
'...............@o......
####........#####g...###
# ##.#.##### .#.## ###.#
.# # #.# .# #.# .#
#######.# .# .....##.#
.. ####.##.#


You could see Ijyb, an orc and a goblin.

Vanquished Creatures
  An orc priest (D:3)
  Jessica (D:2)
  Natasha (twice) (D:2)
  An iguana (D:3)
  Robin (D:3)
  A gnoll (D:1)
  An adder (D:3)
  A dart slug (D:2)
  3 orcs (D:3)
  2 endoplasms
  4 giant cockroaches
  14 goblins
  3 hobgoblins
  6 jackals
  3 kobolds
  2 quokkas
  2 ball pythons
  5 bats
  2 frilled lizards
  5 rats
60 creatures vanquished.

Notes
Turn   | Place    | Note
-------+----------+-------------------------------------------
     0 | D:1      | qw the Deep Elf Hunter began the quest for the Orb.
     0 | D:1      | Reached XP level 1. HP: 12/12 MP: 3/3
     0 | D:1      | 0 ||| qw: Version: 0.3-a-9-g12657ce
     0 | D:1      | 0 ||| qw: Game counter: 4015
     0 | D:1      | 0 ||| qw: Always use a shield: true
     0 | D:1      | 0 ||| qw: God list: Okawaru
     0 | D:1      | 0 ||| qw: Allow faded altars: false
     0 | D:1      | 0 ||| qw: Do Orc after D:15 true
     0 | D:1      | 0 ||| qw: Do second Lair branch before Depths: true
     0 | D:1      | 0 ||| qw: Lair rune preference: random
     0 | D:1      | 0 ||| qw: Plans: Normal
     0 | D:1      | 0 ||| PLANNING D:1-11
   342 | D:1      | Reached XP level 2. HP: 16/16 MP: 4/4
   343 | D:1      | Reached skill level 6 in Ranged Weapons
   363 | D:1      | Found a faded altar of an unknown god.
   823 | D:1      | 823 ||| UPGRADING to +0 ring mail.
   833 | D:1      | 833 ||| DROPPING +0 leather armour.
   834 | D:1      | 834 ||| READING 2 scrolls labelled VID QITSEO.
   835 | D:1      | 835 ||| READING scroll labelled BERO VYZIPNO.
   840 | D:1      | 840 ||| DROPPING scroll of butterflies.
   912 | D:2      | Reached XP level 3. HP: 20/20 MP: 5/5
  1275 | D:2      | Noticed Jessica
  1275 | D:2      | Noticed Natasha
  1277 | D:2      | 1277 ||| Stepping ~*~*~tactically~*~*~ (outnumbered).
  1283 | D:2      | Killed Natasha
  1284 | D:2      | Reached skill level 7 in Ranged Weapons
  1286 | D:2      | Killed Jessica
  1287 | D:2      | Reached XP level 4. HP: 24/25 MP: 6/6
  1480 | D:2      | Noticed Natasha
  1484 | D:2      | Killed Natasha
  1485 | D:2      | Reached skill level 8 in Ranged Weapons
  1531 | D:2      | Found a runed translucent door.
  1532 | D:2      | Noticed Crazy Yiuf
  1535 | D:2      | 1535 ||| UPGRADING to +6 ring of strength.
  1536 | D:2      | 1536 ||| DRINKING 2 clear potions.
  1586 | D:3      | 1586 ||| FLEEEEING.
  1588 | D:3      | 1588 ||| FLEEEEING.
  1589 | D:3      | 1589 ||| FLEEEEING.
  1594 | D:3      | 1594 ||| FLEEEEING.
  1596 | D:3      | 1596 ||| STAIRDANCE
  1707 | D:3      | Reached XP level 5. HP: 28/29 MP: 7/7
  1814 | D:3      | Found a hide-covered altar of Uskayaw.
  1815 | D:3      | Noticed a +0 hand axe
  1815 | D:3      | Noticed a +0 dagger
  1821 | D:3      | 1821 ||| DRINKING 2 inky potions.
  2044 | D:3      | Reached skill level 9 in Ranged Weapons
  2151 | D:3      | Noticed Robin
  2158 | D:3      | Killed Robin
  2159 | D:3      | 2159 ||| FLEEEEING.
  2160 | D:3      | 2160 ||| FLEEEEING.
  2217 | D:3      | Noticed Terence
  2308 | D:3      | Noticed Ijyb
  2322 | D:3      | HP: 5/30 [orc/+0 mace (4)]
  2322 | D:3      | Killed from afar by Ijyb

Levels and vault maps discovered:
D:1:      dpeg_arrival_castle, layout_basic,
          hellmonk_ecumenical_altar_inner_sanctum, serial_park_tiny_2
D:2:      layout_basic, uniq_crazy_yiuf_cottage, uniq_jessica, uniq_natasha
D:3:      layout_loops_corners, dancing_weapons_uskayaw, serial_shops, shop,
          uniq_robin, uniq_ijyb, uniq_terence

Skill      XL: |  1  2  3  4  5 |
---------------+----------------+-----
Ranged Weapons | 6 7 8 9 |  9.0
Fighting       | 2 |  2.0
Dodging        | |  2.5
Stealth        | |  1.2

Action                     |  1- 3 |  4- 6 || total
---------------------------+-------+-------++-------
   Fire: Shortbow          |    71 |   106 ||   177
    Use: Scroll            |     2 |       ||     2
         Potion            |       |     2 ||     2
 Armour: Leather armour    |     1 |       ||     1
         Ring mail         |     2 |     7 ||     9
  Dodge: Dodged            |    15 |    18 ||    33

Table legend:
 A = Non-vault XP
 B = Vault XP
 C = Vault XP percentage of total XP
 D = Non-vault monster count
 E = Vault monster count
 F = Vault count percentage of total count
                 A         B        C        D         E       F
            +---------+---------+-------+---------+---------+-------
      Total |     213 |     110 |  34.1 |      45 |      15 |  25.0
            +---------+---------+-------+---------+---------+-------
        D:1 |      36 |       0 |   0.0 |      14 |       0 |   0.0
        D:2 |      62 |      72 |  53.7 |      16 |       2 |  11.1
        D:3 |     115 |      38 |  24.8 |      15 |      13 |  46.4
            +---------+---------+-------+---------+---------+-------
